Cogmind - Beta 13 @@@ ROGUE MODE // 2024.05.02 @ 12:38:39 Player: Barbarossa Result: Self-destructed Performance ------------- Evolutions (3) 1500 Regions Visited (4) 800 Robots Destroyed (30) 150 Value Destroyed (927) 927 Prototype IDs (2) 40 Alien Tech Used (0) 0 Bonus (0) 0 TOTAL SCORE: 3417 Bonus ------- None Cogmind --------- Core Integrity 550/700 Matter 199/300 Energy 7/100 System Corruption 2% Temperature Cool (67) Movement Core (100) Ox1 Location -7/Factory Parts ------- > --- POWER (1) -------- (None) > --- PROPULSION (4) --- Medium Treads Improved Airjet > --- UTILITY (5) ------ Small Storage Unit Advanced Weight Redist. System Improved Targeting Computer High-powered Tractor Beam > --- WEAPON (3) ------- Beam Rifle Flak Gun > --- INVENTORY (8) ---- Improved Ion Engine Heavy Ion Engine Airjet Airjet Gravmag System Advanced Weight Redist. System Datajack Plasma Cutter Peak State ------------ > --- POWER ------------ Light Nuclear Core > --- PROPULSION ------- Medium Treads Airjet Gravmag System Improved Airjet > --- UTILITY ---------- Improved Heat Sink Small Storage Unit Advanced Weight Redist. System Improved Targeting Computer High-powered Tractor Beam > --- WEAPON ----------- Beam Rifle Particle Gun Flak Gun > --- INVENTORY -------- Improved Ion Engine Heavy Ion Engine Airjet Airjet Gravmag System Advanced Weight Redist. System Datajack Plasma Cutter [Rating: 40] Favorites ----------- Power Improved Ion Engine Engine Improved Ion Engine Power Core Light Nuclear Core Propulsion Aluminum Leg Treads Light Treads Leg Aluminum Leg Wheel Compact Wheel Hover Unit Airjet Utility Small Storage Unit Device Improved Heat Sink Storage Small Storage Unit Processor Improved Targeting Computer Protection Light Armor Plating Weapon Particle Gun Energy Gun Particle Gun Ballistic Gun Assault Rifle Launcher Grenade Launcher Build | -11 -10 -9 -8 -7 ------- Run | Yrd Mat Mat Mat Fac Slots Evolved 6 | . . 2 2 2 Power . | . . . . . Propulsion 2 | . . 2 . . Utility 3 | . . . 2 1 Weapon 1 | . . . . 1 Parts Attached 44 | . . 9 24 11 Power 7 | . . 1 4 2 Engine 5 | . . 1 3 1 Core 2 | . . . 1 1 Reactor . | . . . . . Propulsion 18 | . . 3 10 5 Treads 6 | . . 1 4 1 Leg 3 | . . 2 1 . Wheel 1 | . . . 1 . Hover 8 | . . . 4 4 Flight . | . . . . . Utility 10 | . . 2 5 3 Device 6 | . . . 3 3 Storage . | . . . . . Processor 1 | . . . 1 . Hackware . | . . . . . Protection 3 | . . 2 1 . Artifact . | . . . . . Weapon 9 | . . 3 5 1 Energy Gun 6 | . . 1 5 . Energy Cannon . | . . . . . Ballistic Gun 2 | . . 1 . 1 Ballistic Cannon . | . . . . . Launcher 1 | . . 1 . . Special Weapon . | . . . . . Impact Weapon . | . . . . . Slashing Weapon . | . . . . . Piercing Weapon . | . . . . . Special Melee Weapon . | . . . . . Unidentified Prototypes 2 | . . . 1 1 Parts Lost 11 | . . 1 5 5 Power 1 | . . . . 1 Propulsion 6 | . . 1 3 2 Utility 2 | . . . 1 1 Weapon 2 | . . . 1 1 Highest Loss Streak 5 | . . 1 3 5 To Critical Strikes 1 | . . . 1 . Average Slot Usage (%) 85 | . 85 69 89 95 Engine 8 | . 14 11 7 6 Treads 7 | . . 1 15 7 Leg 12 | . 28 20 14 . Hover 9 | . . . 5 23 Device 9 | . . . 10 19 Storage 9 | . 14 11 9 7 Processor 4 | . . . 7 7 Protection 1 | . . 3 2 . Energy Gun 9 | . . 3 11 14 Ballistic Gun 11 | . 28 18 6 5 Naked Turns . | . . . . . Heaviest Build 24 | 14 14 21 21 24 Greatest Support 35 | 20 20 20 25 35 Greatest Overweight (x) 2 | . . 2 2 1 Average Overweight (x) . | . . . . . Largest Inventory Capacity 8 | 8 8 8 8 8 Average Capacity 8 | 8 8 8 8 8 Most Carried 8 | 6 7 8 8 8 Average Carried 7 | 6 6 7 7 7 Final Capacity 8 | 8 8 8 8 8 Final Carried 8 | 6 7 8 8 8 Class Distribution -------------------- 39% | Mutant 33% | Scavenger-Mutant 27% | Gunner Dominant Class ---------------- Mutant | -10/Materials Mutant | -9/Materials Scavenger-Mutant | -8/Materials Gunner | -7/Factory Resources | -11 -10 -9 -8 -7 ----------- Run | Yrd Mat Mat Mat Fac Matter Collected 987 | 200 126 216 201 244 Remotely 366 | . . . 122 244 Salvage Created 995 | . 168 370 341 116 Parts 76 | . 9 26 25 16 Haulers Intercepted 1 | . 1 . . . Recyclers Shooed 2 | . 1 . . 1 Parts Field Recycled . | . . . . . Retrieved Matter . | . . . . . Parts Self-Destructed . | . . . . . Prevented . | . . . . . Kills | -11 -10 -9 -8 -7 ------- Run | Yrd Mat Mat Mat Fac Combat Hostiles Destroyed 25 | . 3 7 11 4 Guns 25 | . 3 7 11 4 Classes Destroyed 9 | . 2 4 1 2 Builder 1 | . . . . 1 Hauler 1 | . 1 . . . Operator 2 | . . 1 1 . Watcher 1 | . . 1 . . Swarmer 8 | . . . 5 3 Grunt 11 | . 3 4 4 . Brawler 1 | . . 1 . . Sentry 4 | . . 2 2 . Programmer 1 | . . . . 1 Best Kill Streak 4 | . 4 3 4 4 Combat Bots Only 4 | . 2 3 4 3 Max Kills in Single Turn 2 | . 1 1 1 2 Gunslinging . | . . . . . Exploded . | . . . . . Melee . | . . . . . Uniques/NPCs Destroyed . | . . . . . Combat | -11 -10 -9 -8 -7 -------- Run | Yrd Mat Mat Mat Fac Hostile Shots Fired 232 | . 26 30 96 80 Missed 48 | . 5 9 16 18 Damage Taken 2588 | . 281 283 1085 939 Core 391 | . 50 49 142 150 Absorbed by Shields . | . . . . . Regen/Repaired (Parts) 66 | . . 66 . . Core Remaining (%) 85 | 100 80 87 74 . Volleys Fired 110 | . 21 35 40 14 Largest 3 | . 2 2 2 3 Hottest 149 | . 40 79 130 149 Shots Fired 221 | . 42 65 78 36 Gun 216 | . 42 60 78 36 Cannon . | . . . . . Launcher 5 | . . 5 . . Special . | . . . . . Kinetic 134 | . 42 47 31 14 Thermal 82 | . . 13 47 22 Explosive 5 | . . 5 . . Electromagnetic . | . . . . . Robot Hit Streak 13 | . 8 7 10 13 Robot Miss Streak 7 | . 3 4 4 7 Penetration Max . | . . . . . Secondary Targets 5 | . 1 1 2 1 Max Gunslinging Chain 1 | . 1 1 1 1 Shots Hit Robots 139 | . 23 39 56 21 Core Hits 86 | . 10 16 38 22 Critical Kills . | . . . . . Critical Parts Destroyed . | . . . . . Critical Strikes 3 | . . 2 . 1 Burn 3 | . . 2 . 1 Melee Attacks . | . . . . . Impact . | . . . . . Slashing . | . . . . . Piercing . | . . . . . Sneak Attacks . | . . . . . Combat Hostiles . | . . . . . Follow-up Attacks . | . . . . . Damage Inflicted 2120 | . 295 543 798 484 Guns 2120 | . 295 543 798 484 Cannons . | . . . . . Explosions . | . . . . . Melee . | . . . . . Ramming . | . . . . . Kinetic 1247 | . 295 398 276 278 Thermal 873 | . . 145 522 206 Explosive . | . . . . . Electromagnetic . | . . . . . Impact . | . . . . . Slashing . | . . . . . Piercing . | . . . . . Highest Corruption 2 | . . . 1 2 Average Corruption 1 | . . . 1 2 Corruption Purged . | . . . . . Corruption Blocked . | . . . . . Effects 10 | . . . 1 9 Message Errors 2 | . . . . 2 Matter Fused 4 | . . . 1 3 Heat Flow Errors 2 | . . . . 2 Data Loss (minor) 1 | . . . . 1 Weapon Failures 1 | . . . . 1 Overload Shots . | . . . . . Overflow Damage . | . . . . . Projectiles . | . . . . . Explosions . | . . . . . Melee . | . . . . . Knockbacks . | . . . . . Impact . | . . . . . Kinetic . | . . . . . Secondary . | . . . . . Self-Inflicted Damage . | . . . . . Shots . | . . . . . Rammed . | . . . . . Targets Rammed . | . . . . . Kicked . | . . . . . Crushed . | . . . . . Highest Temperature 342 | . 4 198 342 232 Average Temperature 92 | . 2 70 131 56 Received Heat Transfer 804 | . 162 147 324 171 Effects 1 | . . . 1 . Energy Bleed 1 | . . . 1 . Siege Activations . | . . . . . Robots Corrupted . | . . . . . Combat Hostiles . | . . . . . Parts Fried . | . . . . . Impact Corruptions . | . . . . . Robots Melted . | . . . . . Combat Hostiles . | . . . . . Parts Melted 3 | . . 1 1 1 Heat Transferred 2132 | . . 518 1059 555 Parts Sabotaged . | . . . . . Parts Stolen . | . . . . . Parts Stripped . | . . . . . Power Chain Reactions . | . . . . . Alert | -11 -10 -9 -8 -7 ------- Run | Yrd Mat Mat Mat Fac Peak Influence 287 | . 102 287 275 116 Initial 86 | . . 42 54 86 Average 104 | . 47 111 156 70 Maximum Alert Level 1 | . . 1 1 . Low Security (%) 85 | 100 100 89 58 100 Level 1 14 | . . 10 41 . Level 2 . | . . . . . Level 3 . | . . . . . Level 4 . | . . . . . Level 5 . | . . . . . High Security . | . . . . . Max Security . | . . . . . Squads Dispatched 6 | . . 1 2 3 Investigation 2 | . . . 1 1 Extermination 1 | . . . . 1 Reinforcement 3 | . . 1 1 1 Assault . | . . . . . Garrison . | . . . . . Intercept . | . . . . . Searches Triggered . | . . . . . Construction Impeded . | . . . . . Haulers Reinforced . | . . . . . Active Scanning Responses . | . . . . . Cargo Convoy Interrupts . | . . . . . Stealth | -11 -10 -9 -8 -7 --------- Run | Yrd Mat Mat Mat Fac Distress Signals 2 | . 2 . . . Communications Jammed . | . . . . . Distress Signals . | . . . . . Times Spotted 51 | . 5 13 17 16 Peak Tracking Total 9 | . 3 4 4 9 Tactical Retreats 2 | . . 1 1 . Traps | -11 -10 -9 -8 -7 ------- Run | Yrd Mat Mat Mat Fac Traps Triggered . | . . . . . Indirectly . | . . . . . Trap Hack Attempts . | . . . . . Triggered . | . . . . . Disarmed . | . . . . . Reprogrammed . | . . . . . Reused . | . . . . . Traps Extracted . | . . . . . Installed . | . . . . . Triggered . | . . . . . Machines | -11 -10 -9 -8 -7 ---------- Run | Yrd Mat Mat Mat Fac Machines Disabled 1 | . . . 1 . Max in Single Turn 1 | . . . 1 . Machines Repaired . | . . . . . Machines Dismantled . | . . . . . Machines Sabotaged . | . . . . . Overloaded Fab Kills . | . . . . . Hacking | -11 -10 -9 -8 -7 --------- Run | Yrd Mat Mat Mat Fac Machines Accessed 11 | . 3 2 2 4 Terminals 6 | . 3 1 1 1 Fabricators 1 | . . . . 1 Repair Stations 1 | . . 1 . . Recycling Units . | . . . . . Scanalyzers 2 | . . . 1 1 Garrison Access 1 | . . . . 1 Total Hacks 27 | . 8 4 7 8 Successful 16 | . 3 2 5 6 Failed 11 | . 5 2 2 2 Catastrophic . | . . . . . Database Lockouts . | . . . . . Manual 10 | . 8 1 1 . Terminals 13 | . 8 1 3 1 Fabricators 1 | . . . . 1 Repair Stations 3 | . . 3 . . Recycling Units . | . . . . . Scanalyzers 8 | . . . 4 4 Garrison Access 2 | . . . . 2 Terminal Hacks 3 | . 2 . . 1 Open DSF 1 | . . . . 1 Terminal Index 1 | . 1 . . . Unreport Threat 1 | . 1 . . . Fabricator Hacks 1 | . . . . 1 Build 1 | . . . . 1 Repair Station Hacks 2 | . . 2 . . Scan Component 1 | . . 1 . . Repair 1 | . . 1 . . Recycling Unit Hacks . | . . . . . Scanalyzer 8 | . . . 4 4 Insert Component 4 | . . . 2 2 Analyze 4 | . . . 2 2 Garrison Access Hacks . | . . . . . Unauthorized Hacks 2 | . 1 . 1 . Terminals 2 | . 1 . 1 . Botnet 2 | . 1 . 1 . Fabricators . | . . . . . Repair Stations . | . . . . . Recycling Units . | . . . . . Scanalyzers . | . . . . . Garrison Access . | . . . . . Data Cores Recovered . | . . . . . Used . | . . . . . Hacking Detections 9 | . 3 1 2 3 Full Trace Events 2 | . . . 1 1 Feedback Events . | . . . . . Feedback Blocked . | . . . . . Robot Schematics Acquired . | . . . . . Robots Built 1 | . . . . 1 Authchips . | . . . . . Time 81 | . . . . 81 Total Robot Build Rating 1 | . . . . 1 Part Schematics Acquired 4 | . . . 2 2 Parts Built . | . . . . . Authchips . | . . . . . Time . | . . . . . Total Part Build Rating . | . . . . . Parts Repaired 1 | . . 1 . . Time 26 | . . 26 . . Parts Recycled . | . . . . . Recycled Matter . | . . . . . Retrieved Matter . | . . . . . Retrieved Components . | . . . . . Parts Scanalyzed 4 | . . . 2 2 Part Schematics Acquired 4 | . . . 2 2 Parts Damaged 1 | . . . . 1 Bothacking | -11 -10 -9 -8 -7 ------------ Run | Yrd Mat Mat Mat Fac Used RIF Installer . | . . . . . Robots Hacked . | . . . . . Non-combat . | . . . . . Combat . | . . . . . Robot Hacks Applied . | . . . . . Relay Couplers Released . | . . . . . Fabnet Peak Effective % . | . . . . . Robots Rewired . | . . . . . Allies Hacked . | . . . . . Hacks Repelled . | . . . . . Allies | -11 -10 -9 -8 -7 -------- Run | Yrd Mat Mat Mat Fac Total Allies 1 | . . . . 1 Largest Group 1 | . . . . 1 Highest-Rated Group 10 | . . . . 10 Highest-Rated Ally 10 | . . . . 10 Total Orders 2 | . . . . 2 PICKUP 1 | . . . . 1 COLLECT 1 | . . . . 1 Ally Attacks . | . . . . . Total Damage . | . . . . . Kills . | . . . . . Allies Corrupted . | . . . . . Allies Melted . | . . . . . Intel | -11 -10 -9 -8 -7 ------- Run | Yrd Mat Mat Mat Fac Robot Analysis Total . | . . . . . Derelict Logs Recovered . | . . . . . Drone Launches . | . . . . . Drone Recoveries . | . . . . . Exploration | -11 -10 -9 -8 -7 ------------- Run | Yrd Mat Mat Mat Fac Turns Passed 1828 | 3 160 492 535 638 Spaces Moved 1183 | 3 81 226 266 607 Core . | . . . . . Treads 90 | . . 1 89 . Legs 388 | 3 81 225 79 . Wheels . | . . . . . Hover 705 | . . . 98 607 Flight . | . . . . . Fastest Speed 52 | 120 120 120 52 68 Average Speed 100 | 120 120 136 134 70 Slowest Speed 260 | 120 120 260 240 131 Overloaded Moves . | . . . . . Propulsion Burnouts . | . . . . . Robots Hopped . | . . . . . Cave-ins Triggered . | . . . . . Exploration Rate (%) 17 | 2 21 22 26 16 Regions Visited 4 Branch Regions . Pre-discovered Areas . | . . . . . Known Exits Taken . | . . . . . Unknown Exits Taken 4 | 1 1 1 1 . Scrap Searched . | . . . . . Spaces Dug 5 | . . 5 . . Terrain Destroyed 42 | . . 42 . . Melee . | . . . . . Projectile . | . . . . . AOE 42 | . . 42 . . Terrain Rammed . | . . . . . Walls Destroyed . | . . . . . Machines Disabled . | . . . . . Actions | -11 -10 -9 -8 -7 --------- Run | Yrd Mat Mat Mat Fac Total 1602 | 2 102 344 364 790 Wait 226 | . . 70 13 143 Move 1179 | 2 80 225 265 607 Hop . | . . . . . Pick Up 13 | . 1 1 7 4 Fast Attach 20 | . . 5 11 4 Attach 5 | . . . 4 1 Detach 1 | . . . 1 . Swap 19 | . . 4 9 6 Drop 29 | . . 4 14 11 Fire 110 | . 21 35 40 14 Melee . | . . . . . Ram . | . . . . . Kick . | . . . . . Crush . | . . . . . Escape Stasis . | . . . . . Rewire . | . . . . . Trap . | . . . . . Miscellaneous . | . . . . . Route ------- -11/Scrapyard -10/Materials -9/Materials -8/Materials -7/Factory History --------- Turn | Location | Event 1 | -11/Scrapyard | Discovered new exit (range 0) 4 | -11/Scrapyard | Entered Materials 151 | -10/Materials | Discovered new exit (range 8) 164 | -10/Materials | Entered another Materials area 164 | -9/Materials | Evolved 2 slots: Propulsion x2 305 | -9/Materials | Build established: Mutant 435 | -9/Materials | Repaired Aluminum Leg 600 | -9/Materials | Discovered new exit (range 10) 656 | -9/Materials | Entered another Materials area 656 | -8/Materials | Evolved 2 slots: Utility x2 844 | -8/Materials | Lost 3 parts (2n1u) 1184 | -8/Materials | Discovered new exit (range 7) 1191 | -8/Materials | Entered Factory 1191 | -7/Factory | Evolved 2 slots: Utility x1, Weapon x1 1587 | -7/Factory | Build established: Gunner 1616 | -7/Factory | Fabricated A-02 Transporter (x1) 1829 | -7/Factory | Self-destructed Last Messages --------------- 01784_ K-01 Serf collects debris. 01785_ R-06 Scavenger collects VTOL Module. 01787_ System corrupted: Component data lost. 01787_ K-01 Serf collects debris. 01788_ R-06 Scavenger collects Autogun. 01791_ K-01 Serf collects debris. 01797_ K-01 Serf cleans the Terminal. 01809_ C-30 ARC bursts open, deploying its payload. 01809_ S-27 Virus unfolds itself. 01809_ Particle Gun destroyed. 01810_ Acquired 99 matter. 01814_ K-01 Serf destroyed. 01815_ Acquired 29 matter. 01820_ Airjet destroyed. 01822_ Imp. Heat Sink destroyed. 01824_ R-06 Scavenger collects Lgt. Ion Engine. 01825_ R-06 Scavenger collects Wheel. 01826_ Gravmag System destroyed. 01826_ Lgt. Nuclear Core destroyed. Map ----- +----------------------------------------------------+ | ?????????????????????????????????????????????????? | | ?????????????????????????????????????????????????? | | ?????????????????????????????????????????????????? | | ?????????????????????????????????????????????????? | | ?????????????????????????????????????????????????? | | ?????????????????????????????????????????????????? | | ?????????????????????????????????????????????????? | | ?????????????????????????????????????????????????? | | ??????????????????????????????? ??????????????? | | ??????????????????????????????? ?? ??????????? | | ?????????????????????????????? #????????? | | ?????????????????????????????? #????????? | | ??????????????????????????????? T +????????? | | ??????????????????????????????? #????????? | | ??????????????????????????????? #????????? | | ???????????? ???????#?????????? #????????? | | ???????????# ?????# ????????? #????????? | | ???????????? ????#"?????????# #?????????? | | ???????????# ####+########## #?????????? | | ????????????? + g # #?????????? | | ?????????????????# sss # #?????????? | | ?????????????????# w # +?????????? | | ?????????????????# r rg"""" / #?????????? | | ?????????????????# """" # #?????????? | | ?????????????????# """" # #?????????? | | ?????????????????# @"""" # #?????????? | | ?????????????????# """ """" # #?????????? | | ??????????????? + "T """"w# ########### | | ????????????? # """ g"""" # | | ????????????? ?# # | | ?????????????? ??############### | | ??????????????????????????# + | | ??????????????????????????# # | | ??????????????????????????# # | | ??????????????????????????# # | | ??????????????????????????# ################### | | ??????????????????????????# #?????????????# | | ??????????????????????????# #?????????????# " " | | ??????????????????????????# #?????????????# " " | | ??????????????????????????######?????????????# " " | | ?????????????????????????????????????????????# " " | | ?????????????????????????????????????????????# " " | | ????????????????????????????????????########## " " | | ????????????????????????????????????# # " " | | ????????????????????????????????????# """ # " " | | ????????????????????????????????????# """ # " " | | ????????????????????????????????????# """ # | | ????????????????????????????????????# # | | ????????????????????????????????????# """ ##### | | ????????????????????????????????????# """ + | +----------------------------------------------------+ Best States ------------- Heat Dissipation 48 Energy Generation 14 Energy Capacity 280 Matter Stores 300 Matter Capacity 300 Sight Range 16 Terrain Scan Density 10 Additional Mass Support 9 Armor Coverage 150 Evasion (%) 55 Targeting Accuracy 6 Recoil Reduction 1 Item Schematics ----------------- Adv. Weight Redist. System | -8/Materials | Scanalyzed Airjet | -8/Materials | Scanalyzed Gravmag System | -7/Factory | Scanalyzed Spread Laser | -7/Factory | Scanalyzed Robot Schematics ------------------ None Fabricated ------------ A-02 Transporter | x1 | -7/Factory | Preloaded Alien Tech Used ----------------- None Achievements -------------- None Challenges ------------ None Game ------ Seed NetworkZioniteSource Manual? 0 Play Time 00:19:20 Cumulative 141.8 hours Start 2024.05.01 @ 14:50:57 End 2024.05.02 @ 12:38:39 Sessions 3 Manual Loads 0 Difficulty Rogue Special Mode None Game No. 274 Rogue 274 Adventurer 0 Explorer 0 Win Type - Total 0 Types 0/0/0/0/0/0/0/0/0 Lore% 35 Gallery% 49 Achievement% 34 Wizard Run 0 Options --------- Layout 1 ASCII 0 Keyboard 0 Movement Mouse Keybinds 0 Fullscreen 1 Font 24/Smallcaps Map View 50x40 Zoom Use 0% Tactical HUD 1 Map Filters NONE Filters NONE Steam 1 RUN: 3d6e3524-12fa-4e83-a407-22ea0a1921f5